 Dungeon Crawl Stone Soup version 0.26.0-45-g9c1d065592 (webtiles) character file.

Game seed: 17070300723510474952

(classic levelgen) 3340 thiole the Thaumaturge (level 10, -9/63 HPs)
             Began as an Octopode Venom Mage on Jan 30, 2021.
             Was an Initiate of Gozag.
             Mangled by KittyFluff's ghost (15 damage)
             ... on level 7 of the Dungeon.
             The game lasted 00:17:52 (11721 turns).

thiole the Thaumaturge (Octopode Venom Mage)       Turns: 11721, Time: 00:17:53

Health: -9/63      AC:  1    Str: 10    XL:     10   Next: 2%
Magic:  15/23      EV: 14    Int: 20    God:    Gozag
Gold:   285        SH:  0    Dex: 19    Spells: 16/27 levels left

rFire    + . .     SeeInvis .   t - +1 dagger (venom)
rCold    . . .     Faith    .   (no shield)
rNeg     . . .     Spirit   .   (helmet restricted)
rPois    .         Reflect  .   (no amulet)
rElec    .         Harm     .   e - +6 ring of dexterity
rCorr    .         Rampage  .   (no ring)
Will     .....                  (no ring)
Stlth    ++++......             (no ring)
HPRegen  0.20/turn              (no ring)
MPRegen  0.18/turn              (no ring)
                                (no ring)
                                (no ring)

@: no status effects
A: almost no armour, stealthy swim, amphibious, 8 rings, constrict 8, camouflage
1, fire resistance 1, frail 1, strong 1, gelatinous body 1
a: Renounce Religion, Potion Petition, Call Merchant, Bribe Branch


You were on level 7 of the Dungeon.
You worshipped Gozag.
Gozag was aware of your devotion.
You visited 2 branches of the dungeon, and saw 8 of its levels.

You collected 398 gold pieces.
You paid 113 gold pieces to Gozag.

Inventory:

Hand Weapons
 t - a +1 dagger of venom (weapon)
Missiles
 w - 17 poisoned darts
Jewellery
 e - a +6 ring of dexterity (left tentacle)
 D - a cursed ring of attention {unknown}
Wands
 g - a wand of paralysis (5)
 n - a wand of digging (7)
 y - a wand of acid (10)
Scrolls
 a - 2 scrolls of enchant armour {unknown}
 b - 5 scrolls of remove curse {unknown}
 d - a scroll of blinking {unknown}
 i - 2 scrolls of enchant weapon {unknown}
 k - 5 scrolls of identify {unknown}
 l - a scroll of noise {unknown}
 m - 2 scrolls of fog {unknown}
 o - 4 scrolls of teleportation {unknown}
 q - a scroll of amnesia {unknown}
 s - a scroll of random uselessness {unknown}
 z - a scroll of magic mapping {unknown}
Potions
 c - a potion of mutation
 f - a potion of magic {unknown}
 h - a potion of flight {unknown}
 j - a potion of cancellation {unknown}
 p - 2 potions of heal wounds {unknown}
 r - 2 potions of curing
 u - a potion of invisibility {unknown}
 v - a potion of might
 x - a potion of lignification {unknown}
 A - a potion of attraction {unknown}
 B - a potion of haste {unknown}
 C - a potion of berserk rage


   Skills:
 - Level 7.0 Fighting
 + Level 1.4 Short Blades
 - Level 2.0 Dodging
 - Level 4.0 Stealth
 - Level 9.0 Spellcasting
 - Level 3.0 Conjurations
 - Level 2.0 Transmutations
 - Level 3.0 Fire Magic
 - Level 3.0 Air Magic
 - Level 5.0 Poison Magic


You had 16 spell levels left.
You knew the following spells:

 Your Spells              Type           Power        Failure   Level
a - Sting                 Tmut/Pois      92%          1%          1
b - Mephitic Cloud        Conj/Pois/Air  23%          5%          3
c - Ignite Poison         Fire/Tmut/Pois 22%          6%          3
d - Olgreb's Toxic Radia  Pois           29%          10%         4

Your spell library contained the following spells:

 Spells                   Type           Power        Failure   Level
 Poisonous Vapours        Pois/Air       50%          2%          2
 Confusing Touch          Hex            9%           22%         3
 Gell's Gravitas          Tloc           4%           22%         3
 Petrify                  Tmut/Erth      13%          45%         4
 Yara's Violent Unravell  Hex/Tmut       6%           80%         5
 Metabolic Englaciation   Hex/Ice        4%           91%         5


Dungeon Overview and Level Annotations

Branches:
Dungeon (7/15)             Temple (1/1) D:7

Altars:
Ashenzari
Cheibriados
Dithmenos
Elyvilon
Fedhas
Gozag
Hepliaklqana
Makhleb
Nemelex Xobeh
Okawaru
Qazlal
Ru
Sif Muna
Uskayaw
Vehumet
Wu Jian
Xom
Yredelemnul
The Shining One

Annotations:
D:3 1 runed translucent door, BabaBalenciYaga's ghost, amateur NaVM
D:7 KittyFluff's ghost, novice GrBe


Innate Abilities, Weirdness & Mutations

You cannot wear most types of armour.
You are very stealthy in the water. (Stealth+)
You are amphibious.
You can wear up to eight rings at the same time.
You can use your tentacles to constrict eight enemies at once.
Your skin changes colour to match your surroundings (Stealth+).
Your rubbery body absorbs attacks. (AC +1, EV +1)
Your flesh is heat resistant. (rF+)
You are frail. (-10% HP)
Your muscles are strong. (Str +2)


Message History

You squeeze KittyFluff's ghost, but do no damage.
KittyFluff's ghost is lightly damaged.
KittyFluff's ghost is engulfed in blazing flames.
KittyFluff's ghost hits you.
You hit KittyFluff's ghost but do no damage.
You squeeze KittyFluff's ghost, but do no damage.
KittyFluff's ghost is moderately damaged.
KittyFluff's ghost is engulfed in blazing flames.
KittyFluff's ghost barely misses you.
You miss KittyFluff's ghost. Your squeeze misses KittyFluff's ghost.
KittyFluff's ghost is heavily damaged.
KittyFluff's ghost hits you!
* * * LOW HITPOINT WARNING * * *
Aiming: Paralyse
Press: ? - help, Shift-Dir - straight line, f - KittyFluff's ghost
Aim: KittyFluff's ghost (heavily damaged, chance to affect: 19%) KittyFluff's ghost resists with almost no effort.
KittyFluff's ghost hits you!
You die...
Your body crumbles into a pile of gold.

#(.#####.................#
##..# #..#
#..............[.## ##..
#.## #...............##
#.. ..# #...............#
##. ..# #########..[...##
## .## #.##≈#.....## # .#
###≈..#....## ### )#
#.....#....# ##.# ##
##≈.#°W@.#.## #... #
#.(.§°°..#..## ##.. #
##..⌠○#.###..#### #.. #
#≈#≈$#.# #.....## #..
##### ##.≈#### #......##
##. #...# ###
##.......####.. ##...#
##.........##... #....#
#.............(# #...##
#.............##


You could see KittyFluff's ghost.

Vanquished Creatures
  Pikel (D:7)
  A human (D:7)
  Menkaure (D:5)
  Duvessa (D:5)
  A water moccasin (D:6)
  An orc warrior (D:7)
  3 sky beasts
  2 ogres
  2 centaurs
  2 lemures (D:7)
  Blork the orc (D:5)
  A water moccasin zombie (D:7)
  Dowan (D:5)
  3 scorpions
  10 wights
  A howler monkey (D:7)
  A centaur zombie (D:7)
  3 hounds
  A quasit (D:5)
  A bullfrog skeleton (D:4)
  5 orc priests
  2 iguanas (D:4)
  4 orc wizards
  A human skeleton (D:7)
  Ijyb (D:3)
  4 worker ants
  A hound skeleton (D:4)
  A worker ant zombie (D:5)
  12 adders
  A shadow imp (D:6)
  2 white imps
  An ooze (D:2)
  2 dart slugs
  7 leopard geckos
  18 orcs
  6 giant cockroaches
  9 goblins
  10 hobgoblins
  3 jackals (D:6)
  2 quokkas
  A ball python (D:2)
  5 bats
  5 frilled lizards
  2 jackal zombies
  8 kobolds
  A leopard gecko skeleton (D:4)
  A quokka skeleton (D:5)
  6 rats
159 creatures vanquished.

Notes
Turn   | Place    | Note
-------+----------+-------------------------------------------
     0 | D:1      | thiole the Octopode Venom Mage began the quest for the Orb.
     0 | D:1      | Reached XP level 1. HP: 11/11 MP: 3/3
   425 | D:1      | Reached XP level 2. HP: 16/17 MP: 1/5
   763 | D:1      | You fall into a shaft and drop 1 floor!
   782 | D:2      | Reached skill level 5 in Poison Magic
   782 | D:2      | Reached XP level 3. HP: 19/22 MP: 0/6
   963 | D:2      | Reached skill level 1 in Fighting
  1423 | D:2      | Reached XP level 4. HP: 29/29 MP: 4/7
  1691 | D:2      | You fall into a shaft and drop 1 floor!
  2131 | D:3      | Learned a level 3 spell: Mephitic Cloud
  2135 | D:3      | Learned a level 3 spell: Ignite Poison
  3157 | D:3      | Noticed Ijyb
  3176 | D:3      | Killed Ijyb
  3177 | D:3      | Reached skill level 1 in Conjurations
  3177 | D:3      | Reached skill level 1 in Fire Magic
  3177 | D:3      | Reached skill level 1 in Air Magic
  3177 | D:3      | Reached XP level 5. HP: 30/34 MP: 0/8
  3587 | D:3      | Found a runed translucent door.
  3644 | D:3      | Noticed BabaBalenciYaga's ghost (amateur NaVM)
  3918 | D:4      | Reached XP level 6. HP: 27/39 MP: 4/9
  4789 | D:4      | Reached skill level 3 in Spellcasting
  5085 | D:4      | Found a shimmering blue altar of Sif Muna.
  5088 | D:4      | Found a shimmering altar of Xom.
  5091 | D:4      | Found a blossoming altar of Fedhas.
  5125 | D:5      | Entered Level 5 of the Dungeon
  5197 | D:5      | Reached XP level 7. HP: 35/45 MP: 6/11
  5820 | D:5      | Noticed Duvessa
  5822 | D:5      | Gained mutation: You are frail. (-10% HP) [potion of
                  | mutation]
  5822 | D:5      | Gained mutation: Your muscles are strong. (Str +2) [potion
                  | of mutation]
  5822 | D:5      | Gained mutation: Your flesh is heat resistant. (rF+)
                  | [potion of mutation]
  5828 | D:5      | Noticed Dowan
  5933 | D:5      | Killed Duvessa
  5934 | D:5      | Reached skill level 4 in Spellcasting
  6376 | D:5      | Reached skill level 5 in Spellcasting
  6376 | D:5      | Reached XP level 8. HP: 27/45 MP: 4/15
  6856 | D:5      | Noticed Menkaure
  6862 | D:5      | Killed Menkaure
  6863 | D:5      | Reached skill level 6 in Spellcasting
  6984 | D:5      | Noticed Blork the orc
  6991 | D:5      | Killed Blork the orc
  7218 | D:5      | Killed Dowan
  7911 | D:6      | Reached skill level 7 in Spellcasting
  8322 | D:6      | Learned a level 4 spell: Olgreb's Toxic Radiance
  9070 | D:6      | Reached XP level 9. HP: 31/52 MP: 17/19
  9081 | D:6      | Reached skill level 5 in Fighting
  9857 | D:7      | Found a runed translucent door.
  9861 | D:7      | Found a basalt altar of Yredelemnul.
 10260 | D:7      | Found a large runed translucent door.
 10260 | D:7      | Found a large runed translucent door.
 10264 | D:7      | Noticed KittyFluff's ghost (novice GrBe)
 10491 | D:7      | Noticed Pikel
 10509 | D:7      | Killed Pikel
 10510 | D:7      | Reached skill level 8 in Spellcasting
 11037 | D:7      | Found a staircase to the Ecumenical Temple.
 11045 | Temple   | Entered the Ecumenical Temple
 11049 | Temple   | Became a worshipper of Gozag Ym Sagoz the Greedy
 11493 | D:7      | Reached skill level 1 in Short Blades
 11493 | D:7      | Reached XP level 10. HP: 63/63 MP: 14/22
 11583 | D:7      | Reached skill level 9 in Spellcasting
 11721 | D:7      | Mangled by KittyFluff's ghost

Illustrated notes

Levels and vault maps discovered:
D:1:      giann_forest_graveyard, layout_loops_ring
D:2:      layout_basic, minmay_misc_feat_alley, amethyst_killhole,
          grunt_decor_junction, kennysheep_generic_room_5
D:3:      layout_basic, ebering_ghost_sewer_d, minmay_hedge_maze,
          minmay_misc_feat_rows, uniq_ijyb
D:4:      layout_rooms, grunt_temple_overflow_diamond
D:5:      minmay_opposing_rooms, layout_layer_cave, glass_columns_a,
          uniq_menkaure, uniq_blork_the_orc, uniq_duvessa
D:6:      lemuel_upstairs_altar, layout_basic
D:7:      layout_cave_pods, minmay_temple_entry_trees,
          ebering_ghost_disaster_area, dk_yredelemnul_ordeal, uniq_pikel
Temple:   compressed_dpeg_circular_temple

Skill      XL: |  1  2  3  4  5  6  7  8  9 10 |
---------------+-------------------------------+-----
Poison Magic   | 4 5 |  5.0
Fighting       | 2 4 7 |  7.0
Conjurations   | 1 2 3 |  3.0
Fire Magic     | 1 2 3 |  3.0
Air Magic      | 1 2 3 |  3.0
Transmutations | 2 |  2.0
Spellcasting   | 3 5 7 8 9 |  9.0
Stealth        | 4 |  4.0
Short Blades   | 1 |  1.4
Dodging        | |  2.0

Action                   |  1- 3 |  4- 6 |  7- 9 | 10-12 || total
-------------------------+-------+-------+-------+-------++-------
Melee: Unarmed           |    24 |    44 |    28 |       ||    96
       Constrict         |     9 |    15 |    27 |     1 ||    52
       Tentacles         |     2 |    10 |    35 |     4 ||    51
       Dagger            |       |       |    83 |     6 ||    89
 Cast: Sting             |    51 |   119 |    75 |       ||   245
       Mephitic Cloud    |       |     1 |    18 |     2 ||    21
       Ignite Poison     |       |       |    28 |     1 ||    29
       Olgreb's Toxic Ra |       |       |    18 |       ||    18
Evoke: Wand              |       |       |     2 |     1 ||     3
  Use: Potion            |       |       |     4 |       ||     4
 Stab: Confused          |       |     1 |     3 |       ||     4
       Sleeping          |       |       |     3 |       ||     3
Armor: Skin              |     2 |     1 |     6 |       ||     9
Dodge: Dodged            |    17 |    66 |    84 |     3 ||   170
